AoeStats
← gloectra

Arena

504221417Analyzed
3v3 RM · 28d ago on Sep 4, 2026· 56m 9s· 6 players
Game mode
Random Map
Map size
Normal (6 player)
Population
200
Speed
Normal
Resources
Standard
Victory
Conquest
Starting age
Dark Age
Ending age
Imperial Age
RankedLock teamsTeams togetherTeam positionsShared explorationLock speedFull tech treeHidden civsTurbo modeCheats
Victory
Defeat
🇹🇼 Chinese · Taiwan
981
+16
🇹🇼 Magyars · Taiwan
964
+17
🇹🇼 Shu · Taiwan
942
+18
🇹🇷 Persians · Türkiye
1002
-18
🇩🇪 Bulgarians · Germany
995
-17
🇹🇷 Bohemians · Türkiye
952
-16
T_ToRcH_W
11:01 Feudal Age
11:56 Double-Bit Axe
13:16 Horse Collar
16:48 Castle Age
17:04 Wheelbarrow
17:42 Bow Saw
20:13 Padded Archer Armor
27:44 Town Watch
28:39 Pikeman
30:30 Fletching
32:14 Heavy Plow
32:38 Leather Archer Armor
32:59 Bodkin Arrow
34:09 Gold Mining
34:10 Stone Mining
34:32 Loom
37:33 Imperial Age
38:19 Forging
38:09 Scale Mail Armor
38:50 Halberdier
39:31 Squires
39:16 Gambesons
39:17 Arson
41:24 Conscription
43:09 Ring Archer Armor
46:26 Chain Mail Armor
47:05 Hand Cart
47:52 Siege Engineers
48:09 Ballistics
49:09 Chemistry
48:43 Plate Mail Armor
48:47 Elite White Feather Guard
52:56 Gold Shaft Mining
55:33 Bracer
55:50 Crossbowman
56:35 Thumb Ring
101黑狗
0:35 Loom
12:10 Feudal Age
12:16 Feudal Age
13:30 Double-Bit Axe
13:36 Horse Collar
18:17 Castle Age
17:04 Scale Mail Armor
20:56 Bow Saw
20:50 Heavy Plow
21:01 Fletching
22:11 Wheelbarrow
21:03 Pikeman
21:52 Thumb Ring
22:47 Town Watch
24:02 Stone Mining
24:53 Squires
26:18 Gold Mining
27:06 Stone Shaft Mining
28:45 Bodkin Arrow
28:50 Padded Archer Armor
33:01 Imperial Age
31:51 Gold Shaft Mining
32:53 Hand Cart
33:39 Halberdier
34:39 Chain Mail Armor
34:34 Forging
34:25 Bracer
35:11 Conscription
36:06 Ballistics
37:09 Masonry
37:40 Plate Mail Armor
38:37 Elite Chu Ko Nu
39:49 Leather Archer Armor
40:09 Iron Casting
40:37 Chemistry
40:09 Architecture
42:10 Ring Archer Armor
41:50 Elite Skirmisher
44:45 Blast Furnace
43:52 Scale Barding Armor
43:47 Murder Holes
48:55 Caravan
56:35 Chain Barding Armor
sktn0916
5:19 Loom
8:24 Loom
10:35 Feudal Age
11:01 Double-Bit Axe
14:04 Wheelbarrow
14:10 Wheelbarrow
17:30 Castle Age
19:24 Husbandry
21:20 Bloodlines
24:16 Horse Collar
26:37 Scale Barding Armor
32:07 Heavy Plow
35:25 Imperial Age
34:22 Corvinian Army
37:16 Elite Magyar Huszar
39:18 Chain Barding Armor
42:14 Recurve Bow
42:43 Fletching
45:21 Parthian Tactics
46:21 Ballistics
47:01 Chemistry
45:43 Treadmill Crane
47:20 Bodkin Arrow
47:25 Padded Archer Armor
48:48 Heavy Cavalry Archer
50:48 Thumb Ring
50:44 Bracer
50:45 Padded Archer Armor
51:20 Plate Barding Armor
51:29 Arson
51:08 Cavalier
52:10 Caravan
56:00 Hand Cart
55:31 Town Watch
56:02 Leather Archer Armor
55:48 Scale Mail Armor
stk1908
10:07 Feudal Age
12:49 Loom
15:29 Castle Age
14:13 Double-Bit Axe
16:54 Bow Saw
23:52 Scale Barding Armor
27:48 Gold Mining
31:44 Ballistics
34:37 Imperial Age
32:44 Wheelbarrow
34:39 Hand Cart
34:09 Horse Collar
34:59 Forging
35:10 Chain Barding Armor
34:25 Pikeman
35:05 Squires
34:51 Gambesons
34:42 Capped Ram
36:45 Plate Barding Armor
36:12 Scale Mail Armor
37:13 Conscription
39:24 Conscription
40:05 Iron Casting
39:46 Chain Mail Armor
39:00 Siege Ram
40:12 Halberdier
45:08 Blast Furnace
44:39 Plate Mail Armor
43:59 Light Cavalry
44:50 Bloodlines
44:41 Husbandry
45:54 Heavy Plow
46:40 Cavalier
47:21 Fletching
49:18 Hussar
50:25 Conscription
50:07 Bagains
54:02 Bodkin Arrow
55:26 Chemistry
54:22 Murder Holes
`TryAki
0:26 Loom
11:00 Feudal Age
11:19 Horse Collar
11:36 Double-Bit Axe
20:46 Castle Age
19:06 Stone Mining
34:41 Imperial Age
32:58 Wheelbarrow
32:08 Town Watch
32:38 Heavy Plow
33:06 Bow Saw
33:12 Gold Mining
33:57 Stone Shaft Mining
33:37 Caravan
34:24 Hand Cart
34:09 Town Patrol
34:17 Scale Barding Armor
34:22 Forging
35:05 Gold Shaft Mining
34:40 Elite War Elephant
35:43 Conscription
36:13 Crop Rotation
36:05 Husbandry
36:15 Bloodlines
37:01 Iron Casting
36:58 Chain Barding Armor
38:41 Blast Furnace
41:55 Plate Barding Armor
41:35 Cavalier
43:11 Cavalier
44:54 Savar
gloectra
12:30 Feudal Age
17:35 Castle Age
15:51 Double-Bit Axe
15:48 Horse Collar
16:59 Wheelbarrow
20:36 Bow Saw
20:29 Heavy Plow
27:49 Hand Cart
34:07 Imperial Age
33:11 Caravan
32:57 Treadmill Crane
33:37 Ballistics
34:19 Chemistry
33:00 Treadmill Crane
33:31 Masonry
33:34 Fortified Wall
33:19 Murder Holes
33:30 Padded Archer Armor
33:21 Fletching
34:52 Wagenburg Tactics
35:15 Conscription
35:02 Hussite Reforms
36:13 Two-Man Saw
37:53 Houfnice
50:31 Squires
49:55 Pikeman
52:15 Halberdier
Connection lost

Rejoining the realm…

Still unreachable

The connection could not be restored.

Session expired

The server has moved on; the page needs a fresh start.